AoeStats
← EbLacko22

Migration

506018330Analyzed
1v1 RM · 20d ago on Sep 12, 2026· 40m 23s· 2 players
Game mode
Random Map
Map size
132×132
Population
200
Speed
Normal
Resources
Standard
Victory
Conquest
Starting age
Dark Age
Ending age
Imperial Age
RankedLock teamsTeams togetherTeam positionsShared explorationLock speedFull tech treeHidden civsTurbo modeCheats
Victory
Defeat
🇲🇽 Spanish · Mexico
1213
+14
🇨🇦 Byzantines · Canada
1162
-14
nic
6:46 Loom
11:04 Feudal Age
11:50 Double-Bit Axe
11:58 Gold Mining
13:33 Wheelbarrow
16:35 Stone Mining
20:41 Castle Age
22:41 Medium Warships
23:15 Forging
23:11 Scale Barding Armor
23:14 Fletching
23:25 Padded Archer Armor
25:14 Bodkin Arrow
26:07 Fishing Lines
27:39 Hand Cart
30:38 Bow Saw
31:07 Gold Shaft Mining
31:11 Stone Shaft Mining
30:20 Horse Collar
36:06 Imperial Age
36:13 Leather Archer Armor
35:44 Elite Skirmisher
EbLacko22
9:45 Loom
12:05 Feudal Age
16:28 Castle Age
15:05 Double-Bit Axe
15:13 Stone Mining
16:54 Wheelbarrow
17:49 Fletching
27:48 Town Watch
29:02 Pikeman
34:51 Imperial Age
33:46 Husbandry
35:57 Conscription
35:26 Light Cavalry
37:01 Bloodlines
37:49 Scale Barding Armor
39:22 Chemistry
38:51 Supremacy
40:22 Chain Barding Armor
Connection lost

Rejoining the realm…

Still unreachable

The connection could not be restored.

Session expired

The server has moved on; the page needs a fresh start.